 Dungeon Crawl Stone Soup version 0.29-a0-664-gff9cad4a3d (webtiles) character file.

Game seed: 12974731173083261011

74 YayAnonymity the Poker (level 4, -2/14 (38) HPs)
             Began as a Meteoran Fighter on June 23, 2022.
             Slain by a gnoll
             ... wielding a +0 flail
              (3 damage)
             ... on level 3 of the Dungeon.
             The game lasted 00:03:05 (1673 turns).

YayAnonymity the Poker (Meteoran Fighter)           Turns: 1673, Time: 00:03:05

HP:   -2/14 (38)    AC:  8    Str: 19    XL:     4   Next: 84%
MP:   5/5           EV: 10    Int: 10    God:
Gold: 45            SH:  5    Dex: 13    Spells: 3/3 levels left

rFire   . . .      SeeInvis .   a - +0 trident
rCold   . . .      Faith    .   c - +0 buckler
rNeg    . . .      Spirit   .   f - +0 ring mail
rPois   .          Reflect  .   o - +0 helmet
rElec   .          Harm     .   i - +0 cloak
rCorr   .          Rampage  .   (no gloves)
Will    .....                   (no boots)
Stlth   +.........              (no amulet)
HPRegen 0.04/turn               (no ring)
MPRegen 0.09/turn               (no ring)

@: glowing, extremely drained
A: sense surroundings 1, otherworldly, glowing, explore regen
a: no special abilities


You were on level 3 of the Dungeon.
You visited 1 branch of the dungeon, and saw 3 of its levels.

You collected 45 gold pieces.

Inventory:

Hand Weapons
 a - a +0 trident (weapon)
 n - the +3 hand crossbow "Pivy" {penet, rF- Will+ rCorr Str+7}
   (You found it on level 2 of the Dungeon)

   Any ammunition fired by it passes through the targets it hits, potentially
   hitting all targets in its path until it reaches maximum range.
   Str:       It affects your strength (+7).
   rF:        It makes you vulnerable to fire.
   rCorr:     It protects you from acid and corrosion.
   Will:      It increases your willpower.
Armour
 c - a +0 buckler (worn)
 f - a +0 ring mail (worn)
 i - a +0 cloak (worn)
 o - a +0 helmet (worn)
Wands
 p - a wand of digging (6)
Scrolls
 b - a scroll of teleportation {unknown}
 h - 2 scrolls of identify {unknown}
 k - a scroll of fear {unknown}
 l - a scroll of poison {unknown}
 q - a scroll of amnesia {unknown}
Potions
 d - 2 potions of might
 e - a potion of heal wounds {unknown}
 g - a potion of brilliance {unknown}
 j - a potion of curing {unknown}
 m - a potion of mutation {unknown}


   Skills:
 - Level 3.2 Fighting
 * Level 5.1 Polearms
 - Level 3.6 Armour
 - Level 4.0 Shields


You had 3 spell levels left.
You didn't know any spells.
Your spell library contained the following spells:

 Spells                   Type           Power      Damage    Failure   Level
 Gell's Gravitas          Tloc           0%         N/A       94%         3
 Ignite Poison            Fire/Tmut/Pois 0%         N/A       94%         3
 Lesser Beckoning         Tloc           0%         N/A       94%         3
 Mephitic Cloud           Conj/Pois/Air  0%         N/A       94%         3
 Teleport Other           Tloc           0%         N/A       94%         3
 Freezing Cloud           Conj/Ice/Air   0%         6-21      100%        5


Dungeon Overview and Level Annotations

Branches:
Dungeon (3/15) Zot: 709

Altars:


Innate Abilities, Weirdness & Mutations

You passively map a small area around you.
You are easily found by Zot.
You glow in the dark.
You regain HP and MP as you explore.


Message History

You puncture the hobgoblin!
You kill the hobgoblin!
Found 9 gold pieces.
You now have 45 gold pieces (gained 9).
q - a scroll labelled ASSUOPN YTUVOMP A gnoll comes into view.
It is wielding a +0 flail.
The gnoll shouts!
You hear a shout!
A gnoll comes into view. It is wielding a +0 flail.
The gnoll shouts!
A gnoll comes into view. It is wielding a +0 flail.
The gnoll shouts!
A gnoll comes into view. It is wielding a +0 club.
You reach to attack!
You hit the gnoll.
The gnoll is moderately wounded.
You closely miss the gnoll.
The gnoll is moderately wounded.
The gnoll barely misses you.
You hit the gnoll.
The gnoll is almost dead.
The gnoll hits you with a +0 flail.
You hit the gnoll but do no damage.
The gnoll is almost dead.
The gnoll barely misses you.
You completely miss the gnoll.
The gnoll is almost dead.
The gnoll barely misses you.
You hit the gnoll.
The gnoll is almost dead.
The gnoll hits you with a +0 flail.
* * * LOW HITPOINT WARNING * * *
The gnoll hits you with a +0 flail.
* * * LOW HITPOINT WARNING * * *
You are too injured to fight recklessly!
You are too injured to fight recklessly!
You are too injured to fight recklessly!
You are too injured to fight recklessly!
You hit the gnoll.
The gnoll is moderately wounded.
The gnoll hits you with a +0 flail.
You die...

, ###..## , ,, #...).# ,
, #.....# , , * *
#.....# , * * #####.#
############ #.## , ,
#..........# #..# ,, ,,
, #..........# ##.# , ,
*#g@........# #.# , ,
......gg........# #..
......g.........# ##.
................#######.
, ,
..####..........#.......
* # *
#..........#.###### ,
#..........#.# # * *
#######....#.######
#.......)....


You could see 4 gnolls.

Vanquished Creatures
  Jessica (D:3)
  A worm (D:2)
  4 bats
  3 endoplasms
  A giant cockroach (D:2)
  4 goblins
  7 hobgoblins
  9 jackals
  A kobold (D:2)
  A quokka (D:2)
  2 ball pythons
  A frilled lizard (D:1)
  5 rats
40 creatures vanquished.

Notes
Turn   | Place    | Note
-------+----------+-------------------------------------------
     0 | D:1      | YayAnonymity the Meteoran Fighter began the quest for the
                  | Orb.
     0 | D:1      | Reached XP level 1. HP: 19/19 MP: 2/2
   330 | D:1      | Reached XP level 2. HP: 26/26 MP: 3/3
   366 | D:1      | Reached skill level 3 in Polearms
   497 | D:1      | Glimpsed the power of Zot.
   547 | D:1      | Glimpsed the power of Zot.
   586 | D:1      | Glimpsed the power of Zot.
   595 | D:1      | Glimpsed the power of Zot.
   596 | D:1      | Touched by the power of Zot.
   694 | D:1      | Glimpsed the power of Zot.
   744 | D:1      | Glimpsed the power of Zot.
   784 | D:1      | Glimpsed the power of Zot.
   793 | D:1      | Glimpsed the power of Zot.
   794 | D:1      | Touched by the power of Zot.
   894 | D:1      | Glimpsed the power of Zot.
   988 | D:2      | Reached XP level 3. HP: 12/12 MP: 4/4
  1016 | D:2      | Found a faded altar of an unknown god.
  1038 | D:2      | Reached skill level 4 in Polearms
  1184 | D:2      | Reached XP level 4. HP: 22/23 MP: 5/5
  1226 | D:2      | Identified the +3 hand crossbow "Pivy" {penet, rF- Will+
                  | rCorr Str+7}
  1484 | D:2      | Glimpsed the power of Zot.
  1534 | D:2      | Glimpsed the power of Zot.
  1574 | D:2      | Glimpsed the power of Zot.
  1583 | D:2      | Glimpsed the power of Zot.
  1584 | D:2      | Touched by the power of Zot.
  1599 | D:3      | Noticed Jessica
  1606 | D:3      | Killed Jessica
  1607 | D:3      | Reached skill level 5 in Polearms
  1673 | D:3      | Slain by a gnoll

Illustrated notes

Levels and vault maps discovered:
D:1:      amcnicky_arrival_single_pillar, layout_loops_corners,
          solitary_fountain, kennysheep_flooded_box
D:2:      layout_loops_ring, shapermc_ecumenical_altar_starsandcircs
D:3:      layout_basic, kennysheep_generic_room_10, uniq_grinder, uniq_jessica,
          uniq_pargi

Skill      XL: |  1  2  3  4 |
---------------+-------------+-----
Polearms       | 3 4 5 |  5.1
Shields        | 4 |  4.0
Fighting       | |  3.2
Armour         | |  3.6

Action                   |  1- 3 |  4- 6 || total
-------------------------+-------+-------++-------
Melee: Trident           |    85 |    28 ||   113
Armor: Scale mail        |     3 |       ||     3
       Ring mail         |    24 |     5 ||    29
Dodge: Dodged            |    24 |    11 ||    35
Block: Buckler           |    18 |     1 ||    19

Table legend: (Time is in decaauts)
 A = Elapsed time spent in this place.
 B = Non-inter-level travel time spent in this place.
 C = Inter-level travel time spent in this place.
 D = Time resting spent in this place.
 E = Time spent auto-exploring this place.
 F = Levels seen in this place.
 G = Mean time per level.
                   A        B        C        D        E       F      G
               +--------+--------+--------+--------+--------+-----+--------+
         Total |   1690 |   1614 |     76 |      0 |   1263 |   3 |  563.3 |
       Dungeon |   1690 |   1614 |     76 |      0 |   1263 |   3 |  563.3 |
               +--------+--------+--------+--------+--------+-----+--------+

Top non-repeatable levels by time:
     D:1: 950 daAuts
     D:2: 654 daAuts
     D:3: 86 daAuts
